 Dungeon Crawl Stone Soup version 0.31-a0-851-g7ff8af7976 (webtiles) character file.

Game seed: 6319727868898168524

14959 BinkBink the Thaumaturge (level 11, -2/54 HPs)
             Began as a Deep Elf Fire Elementalist on Oct 5, 2023.
             Was an Initiate of Vehumet.
             Killed from afar by an ice statue (11 damage)
             ... with a shard of ice
             ... in an ice cave.
             The game lasted 00:57:29 (15744 turns).

BinkBink the Thaumaturge (DEFE)                    Turns: 15744, Time: 00:57:30

Health: -2/54      AC:  8    Str:  5    XL:     11   Next: 95%
Magic:  28/30      EV: 24    Int: 27    God:    Vehumet [......]
Gold:   1174       SH:  5    Dex: 15    Spells: 18/37 levels left

rFire   + . .        S - staff "Dogoa" {Will++ SInv Stlth- Conj Fire}
rCold   . . .        (no shield)
rNeg    + . .        R - +2 troll leather armour of the Merwolf {rF+ rN+ Regen+ Int+2}
rPois   .            L - +2 helmet {SInv}
rElec   .            (no cloak)
rCorr   .            (no gloves)
SInv    +            (no boots)
Will    +++..        n - amulet of reflection
Stlth   +            g - +5 ring of evasion
HPRegen 1.09/turn    F - +5 ring of evasion
MPRegen 0.22/turn

%: reflection
@: swift, quick
A: no striking features
a: Renounce Religion


You were in an ice cave.
You worshipped Vehumet.
Vehumet was noncommittal.
You visited 2 branches of the dungeon, and saw 12 of its levels.
You also visited: Sewer, Bailey and Ice Cave.

You collected 1174 gold pieces.

Inventory:

Hand Weapons
 f - a +2 short sword of freezing
 x - a +0 whip of holy wrath
 P - a +1 sling of freezing
 Q - a +4 rapier of speed
 T - a +2 heavy hand cannon
Missiles
 t - a throwing net
Armour
 a - a +0 robe
 L - a +2 helmet of see invisible (worn)
 R - the +2 troll leather armour of the Merwolf (worn) {rF+ rN+ Regen+ Int+2}
   (You found it in a bailey)

   Int+2:     It affects your intelligence (+2).
   rF+:       It protects you from fire.
   rN+:       It protects you from negative energy.
   Regen+:    It increases your rate of health regeneration.
Magical Staves
 S - the staff "Dogoa" (weapon) {Will++ SInv Stlth- Conj Fire}
   (You acquired it on level 10 of the Dungeon)

   [staff of conjuration]

   Base accuracy: +5 Base damage: 5 Base attack delay: 1.2 This weapon's minimum
   attack delay (0.6) is reached at skill level 12.
   Will++:    It greatly increases your willpower.
   SInv:      It lets you see invisible.
   Stlth-:    It makes you less stealthy.
   Conj:      It increases the power of your Conjurations spells.
   Fire:      It increases the power of your Fire spells.
   It falls into the 'Staves' category.
   It is a one-handed weapon.
Jewellery
 b - a ring of willpower
 c - a ring of resist corrosion
 g - a +5 ring of evasion (left hand)
 m - a +4 ring of protection
 n - an amulet of reflection (around neck)
 p - an amulet of the acrobat
 u - an amulet of faith
 B - a ring of ice
 F - a +5 ring of evasion (right hand)
 J - a +5 ring of evasion
 N - a +6 ring of strength
Wands
 G - a wand of digging (1)
 H - a wand of charming (10)
 I - a wand of flame (5)
 U - a wand of mindburst (3)
Scrolls
 d - 6 scrolls of revelation
 e - 2 scrolls of immolation
 h - a scroll of silence {unknown}
 k - 6 scrolls of fog
 l - 4 scrolls of teleportation
 o - a scroll of noise {unknown}
 q - 2 scrolls of torment
 r - 2 scrolls of blinking {unknown}
 s - 3 scrolls of amnesia
 y - a scroll of summoning {unknown}
 C - 3 scrolls of vulnerability {unknown}
 M - a scroll of enchant weapon {unknown}
Potions
 i - 7 potions of curing
 j - 15 potions of degeneration
 v - a potion of haste {unknown}
 w - a potion of resistance {unknown}
 z - a potion of might {unknown}
 A - 3 potions of enlightenment {unknown}
 D - 2 potions of mutation {unknown}
 E - 3 potions of invisibility {unknown}
 K - 2 potions of lignification {unknown}
 O - a potion of magic


   Skills:
 - Level 1.4 Ranged Weapons
 + Level 1.9 Armour
 + Level 7.0 Dodging
 + Level 4.2 Stealth
 + Level 13.8 Spellcasting
 + Level 11.4 Conjurations
 + Level 11.9 Fire Magic
 + Level 2.0 Air Magic
 + Level 2.1 Poison Magic


You had 18 spell levels left.
You knew the following spells:

 Your Spells              Type           Power      Damage    Failure   Level
a - Foxfire               Conj/Fire      100%       2x1d9     1%          1
b - Scorch                Fire           100%       2d9       1%          2
c - Flame Wave            Conj/Fire      100%       2d21      1%          4
d - Swiftness             Air            29%        N/A       6%          3
e - Airstrike             Air            14%        2d(3-19)  21%         4
f - Magic Dart            Conj           100%       1d8       1%          1
g - Mephitic Cloud        Conj/Pois/Air  63%        N/A       1%          3
h - Shock                 Conj/Air       100%       1d9       1%          1

Your spell library contained the following spells:

 Spells                   Type           Power      Damage    Failure   Level
 Freeze                   Ice            72%        1d8       4%          1
 Inner Flame              Hex/Fire       66%        N/A       1%          3
 Volatile Blastmotes      Fire/Tloc      100%       2d18      1%          3
 Fulminant Prism          Conj/Hex       32%        3d16      4%          4
 Iskenderun's Mystic Bla  Conj/Tloc      65%        2d13      4%          4
 Blink                    Tloc           36%        N/A       7%          2
 Call Imp                 Summ           36%        N/A       7%          2
 Lesser Beckoning         Tloc           36%        N/A       7%          2
 Gell's Gravitas          Tloc           18%        N/A       14%         3
 Teleport Other           Tloc           18%        N/A       14%         3
 Manifold Assault         Tloc           18%        N/A       43%         4


Dungeon Overview and Level Annotations

Branches:
Dungeon (11/15)            Temple (1/1) D:7           Sewer (visited)
 Bailey (visited)           IceCv (1/1)
   Lair: D:8-11         Orc: D:9-12

Altars:
Ashenzari
Cheibriados
Dithmenos
Elyvilon
Fedhas
Gozag
Hepliaklqana
Kikubaaqudgha
Makhleb
Nemelex Xobeh
Okawaru
Qazlal
Ru
Sif Muna
Trog
Uskayaw
Vehumet
Wu Jian
Xom
Yredelemnul
Zin
The Shining One

Shops:
D:3 [   D:5 (

Annotations:
IceCv exclusion: 2 ice statues


Message History

You feel a strong surge of power!
You conjure some foxfire!
The foxfire hits the ice beast!
The ice beast melts!
The ice beast is almost dead.
Casting: Foxfire (safe; 1% risk of failure)
Confirm with . or Enter, or press ? or * to list all spells.
You feel a strong surge of power!
You conjure some foxfire!
The foxfire hits the ice beast.
The ice beast is almost dead.
The foxfire hits the ice beast.
The ice beast is almost dead.
The foxfire hits the ice beast but does no damage.
The ice beast is almost dead.
Casting: Foxfire (safe; 1% risk of failure)
Confirm with . or Enter, or press ? or * to list all spells.
You feel a strong surge of power!
You conjure some foxfire!
The foxfire hits the ice beast.
The ice beast melts!
You kill the ice beast!
The ice beast disappears in a puff of smoke!
Your foxfire dissipates!
You feel sluggish.
Your foxfire dissipates! x2
You start to feel a little faster.
You no longer feel sluggish.
Partly explored, can't reach some places.
Partly explored, can't reach some places.
There is an ice choked empty arch of ancient stone here.
Okay, then.
Casting: Foxfire (safe; 1% risk of failure)
Confirm with . or Enter, or press ? or * to list all spells.
You feel quick. The ice statue gestures at you. The freezing blast engulfs you!
The ice statue glitters chillingly in the dim dungeon light.
The ice statue gestures at you. The bolt of cold hits you!!
You are engulfed in freezing vapours.
* * * LOW HITPOINT WARNING * * *
The ice statue gestures at you. The shard of ice hits you!
You die...

##### #############
....## ##...).#....8##
.....###......#.☼☼☼..##
......#.......#☼☼☼☼...#W
∩..∩............@§§...8..
......#.......#.......#..
.....###......#......##
....## ##.....#.....##
##### #############


You could see 2 ice statues and a freezing wraith.

Vanquished Creatures
  A boulder beetle (D:9)
  Erica (D:8)
  A tengu warrior (D:9)
  An orc high priest (Bailey)
  Lodul (D:11)
  Pikel (D:5)
  2 ugly things
  2 cyclopes
  An ice statue (IceCv)
  An unseen horror (D:8)
  2 kobold demonologists
  2 hellwings
  Sigmund (D:5)
  3 wraiths
  3 shadows
  A culicivora (shapeshifter) (D:9)
  6 yaks (D:11)
  A vampire mosquito (D:8)
  A steam dragon (D:8)
  A harpy simulacrum (IceCv)
  2 acid dragons
  2 water moccasins (D:6)
  A hydra simulacrum (IceCv)
  12 orc warriors
  3 ice beasts
  A sky beast (D:7)
  A black bear (D:8)
  11 ogres
  2 centaurs
  A lemure (D:5)
  3 kobold brigands
  3 bullfrogs
  A gnoll sergeant (D:10)
  A cane toad simulacrum (IceCv)
  5 scorpions
  9 wights
  2 elephant simulacra (IceCv)
  4 howler monkeys
  4 electric eels (Bailey)
  4 hounds
  2 jellies
  A gnoll bouda (D:7)
  11 orc priests
  A sleepcap (D:6)
  An iron imp (D:3)
  2 iguanas
  6 orc wizards
  A polar bear simulacrum (IceCv)
  A wolf simulacrum (IceCv)
  17 gnolls
  8 adders
  8 river rats
  2 white imps
  2 ufetubi
  4 worms
  A dart slug (D:3)
  36 orcs
  3 endoplasms
  3 giant cockroaches
  14 goblins
  8 hobgoblins
  10 jackals
  19 kobolds
  4 quokkas
  9 ball pythons
  7 bats
  9 frilled lizards
  16 rats
311 creatures vanquished.

Vanquished Creatures (collateral kills)
  12 foxfires (Sewer)
12 creatures vanquished.

Vanquished Creatures (others)
  1119 foxfires
1119 creatures vanquished.

Grand Total: 1442 creatures vanquished

Notes
Turn   | Place    | Note
-------+----------+-------------------------------------------
     0 | D:1      | BinkBink the Deep Elf Fire Elementalist began the quest for
                  | the Orb.
     0 | D:1      | Reached XP level 1. HP: 10/10 MP: 6/6
   286 | D:1      | Reached XP level 2. HP: 15/15 MP: 5/8
   969 | D:2      | Reached XP level 3. HP: 19/19 MP: 7/10
  1037 | D:2      | Learned a level 2 spell: Scorch
  1328 | D:2      | Reached skill level 4 in Spellcasting
  1950 | D:3      | Found an opulent altar of Gozag.
  2059 | D:3      | Reached XP level 4. HP: 24/24 MP: 10/12
  2090 | D:3      | Found an iron altar of Okawaru.
  2167 | D:3      | Found a burning altar of Makhleb.
  2241 | D:3      | Noticed a scorpion
  2247 | D:3      | Killed a scorpion
  2248 | D:3      | Reached skill level 5 in Spellcasting
  2248 | D:3      | Reached XP level 5. HP: 28/28 MP: 0/14
  2383 | D:3      | Found Vowne Ziar's Antique Armour Shop.
  2575 | D:3      | Found a snail-covered altar of Cheibriados.
  2696 | D:3      | Found a faded altar of an unknown god.
  3239 | D:4      | Reached skill level 5 in Fire Magic
  3280 | D:4      | Reached XP level 6. HP: 28/32 MP: 9/16
  3334 | D:4      | Found a glowing drain.
  3383 | Sewer    | Entered a sewer
  3815 | Sewer    | Reached skill level 6 in Spellcasting
  5010 | D:4      | Learned a level 4 spell: Flame Wave
  5023 | D:5      | Entered Level 5 of the Dungeon
  5037 | D:5      | Noticed Pikel
  5230 | D:5      | Killed Pikel
  5231 | D:5      | Reached skill level 7 in Spellcasting
  5231 | D:5      | Reached skill level 5 in Conjurations
  5231 | D:5      | Reached XP level 7. HP: 22/36 MP: 6/19
  5360 | D:5      | Found Archukli's Firing Range.
  5522 | D:5      | Reached XP level 8. HP: 25/41 MP: 12/21
  5819 | D:5      | Reached skill level 8 in Spellcasting
  5945 | D:5      | Noticed Sigmund
  5952 | D:5      | Killed Sigmund
  6494 | D:6      | Reached skill level 9 in Spellcasting
  6775 | D:6      | Reached XP level 9. HP: 45/45 MP: 20/24
  7153 | D:6      | Noticed a cyclops
  7174 | D:6      | Killed a cyclops
  7175 | D:6      | Reached skill level 10 in Spellcasting
  8009 | D:7      | Found a staircase to the Ecumenical Temple.
  8025 | Temple   | Entered the Ecumenical Temple
  8201 | D:7      | Reached skill level 11 in Spellcasting
  9302 | D:8      | Reached XP level 10. HP: 50/50 MP: 20/27
  9931 | D:8      | Noticed Erica
  9938 | D:8      | Killed Erica
  9939 | D:8      | Reached skill level 10 in Fire Magic
 10302 | D:8      | Reached skill level 12 in Spellcasting
 10689 | D:9      | Noticed a smoke demon
 10748 | D:9      | Reached skill level 10 in Conjurations
 10957 | D:9      | Noticed a catoblepas
 11518 | D:9      | Noticed a boulder beetle
 11539 | D:9      | Noticed a tengu warrior
 11543 | D:9      | Killed a boulder beetle
 11544 | D:9      | Reached XP level 11. HP: 31/54 MP: 2/29
 11548 | D:9      | Killed a tengu warrior
 11549 | D:9      | Reached skill level 5 in Dodging
 11629 | D:9      | Reached skill level 13 in Spellcasting
 11629 | D:9      | Noticed a green ugly thing
 11637 | D:9      | Killed a green ugly thing
 12200 | D:9      | Found a stormy altar of Qazlal.
 12403 | D:8      | HP: 1/54 [something/ball of steam (20)]
 12646 | D:10     | Entered Level 10 of the Dungeon
 12848 | D:10     | Found a flagged portal.
 12870 | Bailey   | Entered a bailey
 13430 | Bailey   | Found an iron altar of Okawaru.
 13435 | Bailey   | Noticed an orc high priest
 13449 | Bailey   | Killed an orc high priest
 13938 | Bailey   | Identified the +2 troll leather armour of the Merwolf {rF+
                  | rN+ Regen+ Int+2}
 14334 | D:10     | Found a shimmering blue altar of Sif Muna.
 14339 | D:10     | Found a radiant altar of Vehumet.
 14340 | D:10     | Found a bloodstained altar of Trog.
 14340 | D:10     | Found a shadowy altar of Dithmenos.
 14345 | D:10     | Found a basalt altar of Yredelemnul.
 14360 | D:10     | Became a worshipper of Vehumet
 14425 | D:10     | Reached skill level 1 in Ranged Weapons
 14712 | D:10     | Acquired the staff "Dogoa" {Will++ SInv Stlth- Conj Fire}
 14715 | D:10     | Acquired a book of Air
 14717 | D:10     | Acquired a book of Blasting
 14719 | D:10     | Acquired a book of Minor Magic
 14725 | D:10     | Learned a level 3 spell: Swiftness
 14730 | D:10     | Learned a level 4 spell: Airstrike
 14732 | D:10     | Learned a level 1 spell: Magic Dart
 14736 | D:10     | Learned a level 3 spell: Mephitic Cloud
 14738 | D:10     | Learned a level 1 spell: Shock
 14804 | D:11     | Noticed Lodul
 14814 | D:11     | Reached skill level 1 in Armour
 14817 | D:11     | Killed Lodul
 14818 | D:11     | Reached skill level 1 in Air Magic
 14818 | D:11     | Reached skill level 1 in Poison Magic
 14922 | D:11     | Found a frozen archway.
 14973 | IceCv    | Entered an ice cave
 14988 | IceCv    | Noticed a white ugly thing
 14999 | IceCv    | Killed a white ugly thing
 15006 | IceCv    | Reached * piety under Vehumet
 15006 | IceCv    | Offered knowledge of Freeze by Vehumet.
 15290 | IceCv    | Acquired a +2 heavy hand cannon
 15744 | IceCv    | Killed from afar by an ice statue

Illustrated notes

Levels and vault maps discovered:
D:1:      elethiomel_arrival_infinity_welcomes_careful_drivers, layout_basic,
          minivault_23
D:2:      wad_crossroads, layout_basic
D:3:      layout_basic, mainiacjoe_overflow_catwalk, chei_slow_surprise,
          mainiacjoe_overflow_large_starburst, serial_shops,
          nicolae_shop_overgrown_old_shop,
          dreamdust_ecumenical_altar_hidden_monk_grotto
D:4:      layout_gridville, portal_sewer_entry_e
D:5:      layout_loops_ring, kennysheep_big_empty_room, minmay_holes,
          nicolae_shop_firing_range, uniq_pikel, uniq_sigmund
D:6:      layout_basic
D:7:      layout_basic, minmay_temple_entry_ruins
D:8:      nicolae_BIG_FREAKIN_CUBE, layout_loops_corners, uniq_erica
D:9:      minmay_cut_squares, layout_basic, grunt_qazlal_sundering,
          nicolae_where_there's_smoke
D:10:     layout_roguey, minitemple, enter_bailey_7
D:11:     layout_gridville, erik_lair_dragon, minmay_orc_entry_temple_small,
          portal_ice_cave_entry_pillars_2, nrook_mini_backslash, uniq_lodul
Temple:   hellmonk_temple_flake
IceCv:    ice_cave_statue_garden_chambered

Skill      XL: |  1  2  3  4  5  6  7  8  9 10 11 |
---------------+----------------------------------+-----
Conjurations   | 2 3 5 7 9 10 11 | 11.4
Spellcasting   | 4 5 7 9 11 12 13 | 13.8
Fire Magic     | 4 5 6 8 9 11 | 11.9
Dodging        | 4 7 |  7.0
Ranged Weapons | 1 |  1.4
Stealth        | 4 |  4.2
Armour         | 1 |  1.9
Air Magic      | 2 |  2.0
Poison Magic   | 2 |  2.1

Action                     |  1- 3 |  4- 6 |  7- 9 | 10-12 || total
---------------------------+-------+-------+-------+-------++-------
  Melee: Short sword       |       |     9 |       |       ||     9
         Staff             |       |       |       |     1 ||     1
   Fire: Sling             |       |       |       |     2 ||     2
   Cast: Foxfire           |    67 |   109 |   156 |   344 ||   676
         Scorch            |     5 |    40 |    67 |    91 ||   203
         Flame Wave        |       |       |       |    26 ||    26
         Shock             |       |       |       |     8 ||     8
         Swiftness         |       |       |       |     2 ||     2
    Use: Scroll            |       |     5 |     2 |     8 ||    15
         Potion            |       |       |       |     8 ||     8
 Armour: Robe              |     7 |     6 |    15 |    65 ||    93
         Troll leather arm |       |       |       |    18 ||    18
  Dodge: Dodged            |     8 |    21 |    10 |   126 ||   165
  Block: Other             |     1 |     5 |     5 |    35 ||    46
         Reflection        |     1 |     1 |     4 |     3 ||     9

Table legend: (Time is in decaauts)
 A = Elapsed time spent in this place.
 B = Non-inter-level travel time spent in this place.
 C = Inter-level travel time spent in this place.
 D = Time resting spent in this place.
 E = Time spent auto-exploring this place.
 F = Levels seen in this place.
 G = Mean time per level.
                   A        B        C        D        E       F      G
               +--------+--------+--------+--------+--------+-----+--------+
         Total |  15957 |  15097 |    860 |    837 |  11145 |  15 | 1063.8 |
       Dungeon |  12703 |  11843 |    860 |    470 |   8901 |  11 | 1154.8 |
        Temple |      1 |      1 |      0 |      0 |      0 |   1 |    1.0 |
         Sewer |   1234 |   1234 |      0 |     65 |    930 |   1 | 1234.0 |
        Bailey |   1252 |   1252 |      0 |    299 |    771 |   1 | 1252.0 |
      Ice Cave |    765 |    765 |      0 |      3 |    542 |   1 |  765.0 |
               +--------+--------+--------+--------+--------+-----+--------+

Top non-repeatable levels by time:
     D:8: 2760 daAuts
     D:7: 1449 daAuts
     D:6: 1260 daAuts
  Bailey: 1252 daAuts
   Sewer: 1234 daAuts
     D:5: 1228 daAuts
     D:2: 1211 daAuts
     D:4: 1141 daAuts
     D:3: 1042 daAuts
     D:1: 892 daAuts
    D:10: 890 daAuts
   IceCv: 765 daAuts
     D:9: 622 daAuts
    D:11: 204 daAuts
  Temple: 1 daAuts
